 Dungeon Crawl Stone Soup version 0.32-a0-765-gfba4d74c8c (webtiles) character file.

Game seed: 9780077818447832492

9 GordonOverkill the Sneak (level 2, -2/24 HPs)
             Began as a Demonspawn Delver on Mar 18, 2024.
             Was an Initiate of Vehumet.
             Slain by a hound (4 damage)
             ... on level 5 of the Dungeon.
             The game lasted 00:01:40 (313 turns).

GordonOverkill the Sneak (Demonspawn Delver)         Turns: 313, Time: 00:01:40

Health: -2/24      AC:  3    Str: 12    XL:     2   Next: 3%
Magic:  2/2        EV: 10    Int: 10    God:    Vehumet [......]
Gold:   0          SH:  0    Dex: 14    Spells: 1/1 levels left

rFire   . .          .
                       - Unarmed
rCold   . . .        (no shield)
rNeg    . . .        a - +0 leather armour
rPois   .            (no helmet)
rElec   .            (no cloak)
rCorr   .            (no gloves)
SInv    .            (no boots)
Will    .....        (no amulet)
Stlth   ++           (no ring)
HPRegen 0.24/turn    (no ring)
MPRegen 0.16/turn

%: no passive effects
@: attractive
A: magic regeneration
a: Renounce Religion


You were on level 5 of the Dungeon.
You worshipped Vehumet.
Vehumet was noncommittal.
You visited 1 branch of the dungeon, and saw 4 of its levels.

Inventory:

Armour
 a - a +0 leather armour (worn)
Wands
 f - a wand of digging (2)
Scrolls
 b - a scroll of fog
 c - a scroll of revelation


   Skills:
 - Level 3.0 Fighting
 - Level 1.7 Dodging
 - Level 4.5 Stealth
 + Level 2.5 Unarmed Combat


You had one spell level left.
You didn't know any spells.
Your spell library was empty.

Dungeon Overview and Level Annotations

Branches:
Dungeon (8/15)
 Temple: D:4-7         Lair: D:8-11

Altars:
Gozag
Makhleb
Nemelex Xobeh
Qazlal
Ru
Uskayaw
Vehumet
Xom


Innate Abilities, Weirdness & Mutations

You regenerate magic rapidly.


Message History

Unknown command.
Press < or > to pray at altars.
The sky beast hits you. The sky beast shocks you.
* * * LOW HITPOINT WARNING * * *
The sky beast attacks as it pursues you!
The sky beast hits you.
* * * LOW HITPOINT WARNING * * *
The sky beast shocks you.
* * * LOW HITPOINT WARNING * * *
Found a sacrificial altar of Ru.
There is a burning altar of Makhleb here.
Found a sparkling altar of Nemelex Xobeh.
There is a stormy altar of Qazlal here.
The sky beast flickers out of sight!
Deactivating autopickup; reactivate with Ctrl-A.
Something completely misses you.
There is a fountain of sparkling water here.
Found an opulent altar of Gozag.
Found a hide-covered altar of Uskayaw.
Your extra speed is starting to run out.
A hound comes into view.
You feel yourself slow down.
The hound barks!
Okay, then.
It was a potion of attraction.
You feel attractive to monsters. Something is attracted toward you.
You miss the hound. The hound bites you.
* * * LOW HITPOINT WARNING * * *
You hit the hound but do no damage. The hound barely misses you.
The hound bites you.
* * * LOW HITPOINT WARNING * * *
You closely miss the hound. The hound bites you.
* * * LOW HITPOINT WARNING * * *
Reactivating autopickup.
A sky beast appears from thin air!
You hit the hound.
The hound is lightly wounded.
The hound bites you.
You die...

... .# ... ...###
.. ......
#.####......
#...........
#########.........
.......@hY.......
#.......#....#.#
#.......#....#
#...########.# #..
##......# #.
##..._...# #
#.._.....#
#...{########
#####.ß.###.....##


You could see a sky beast and a hound.

Vanquished Creatures
  An adder (D:5)
1 creature vanquished.

Notes
Turn   | Place    | Note
-------+----------+-------------------------------------------
     0 | D:5      | GordonOverkill the Demonspawn Delver began the quest for
                  | the Orb.
     0 | D:5      | Reached XP level 1. HP: 18/18 MP: 1/1
    50 | D:7      | Noticed a sky beast
    53 | D:8      | Noticed an orc warrior
    53 | D:8      | Noticed an orc priest
    53 | D:8      | Noticed an orc wizard
    53 | D:8      | Noticed an orc priest
    70 | D:5      | Noticed an iguana
   187 | D:5      | Gained mutation: You regenerate magic rapidly. [demonic
                  | ancestry]
   187 | D:5      | Reached XP level 2. HP: 19/24 MP: 2/2
   278 | D:5      | Noticed a sky beast
   279 | D:5      | Found a shimmering altar of Xom.
   279 | D:5      | Found a radiant altar of Vehumet.
   283 | D:5      | Found a burning altar of Makhleb.
   284 | D:5      | Found a stormy altar of Qazlal.
   285 | D:5      | Became a worshipper of Vehumet
   289 | D:5      | Found a sacrificial altar of Ru.
   290 | D:5      | Found a sparkling altar of Nemelex Xobeh.
   296 | D:5      | Found an opulent altar of Gozag.
   297 | D:5      | Found a hide-covered altar of Uskayaw.
   313 | D:5      | Slain by a hound

Illustrated notes

Levels and vault maps discovered:
D:5:      layout_basic, nicolae_overflow_hallway_of_the_gods,
          serial_corexii_hall, chequers_hall_statues_y,
          chequers_hall_statues_wall_a, kennysheep_generic_room_10,
          uniq_prince_ribbit1
D:6:      layout_loops_corners, mainiacjoe_overflow_24_doors,
          pf_guarded_unrand_delatra, uniq_duvessa
D:7:      hellmonk_destroyed_diamonds, layout_rooms, minmay_temple_entry_oklob,
          uniq_maggie, uniq_maurice
D:8:      layout_cave_pods, okawaru_trees_2, uniq_amaemon, uniq_pikel

Skill      XL: |  1 |
---------------+----+-----
Unarmed Combat | 2 |  2.5
Fighting       | |  3.0
Dodging        | |  1.7
Stealth        | |  4.5

Action                     || total
---------------------------++-------
  Melee: Unarmed           ||    19
  Evoke: Wand              ||     1
    Use: Scroll            ||     1
         Potion            ||     2
 Armour: Leather armour    ||    14
  Dodge: Dodged            ||    15

Table legend: (Time is in decaauts)
 A = Elapsed time spent in this place.
 B = Non-inter-level travel time spent in this place.
 C = Inter-level travel time spent in this place.
 D = Time resting spent in this place.
 E = Time spent auto-exploring this place.
 F = Levels seen in this place.
 G = Mean time per level.
                   A        B        C        D        E       F      G
               +--------+--------+--------+--------+--------+-----+--------+
         Total |    293 |    293 |      0 |    118 |      0 |   4 |   73.2 |
       Dungeon |    293 |    293 |      0 |    118 |      0 |   4 |   73.2 |
               +--------+--------+--------+--------+--------+-----+--------+

Top non-repeatable levels by time:
     D:5: 230 daAuts
     D:6: 50 daAuts
     D:7: 11 daAuts
     D:8: 1 daAuts
